 Seeded DCSS version 0.30-a0-860-g512cf1e979 (webtiles) character file.

Game seed: 18295394078602691418 (custom seed)

43348 mistaj the Cleaver (level 14, -21/77 HPs)
             Began as a Vine Stalker Fighter on Mar 7, 2023.
             Was an Initiate of Gozag.
             Demolished by a very large slime creature (41 damage)
             ... on level 12 of the Dungeon.
             The game lasted 00:25:01 (11408 turns).

mistaj the Cleaver (Vine Stalker Fighter)          Turns: 11408, Time: 00:25:01

Health: -21/77     AC: 27    Str: 24    XL:     14   Next: 23%
Magic:  0/25       EV: 14    Int: 24    God:    Gozag
Gold:   1332       SH: 11    Dex: 14    Spells: 13/13 levels left

rFire   . . .      SeeInvis .    t - +6 war axe of Gontoezo {speed, Int+6}
rCold   + . .      Faith    .    c - +0 buckler
rNeg    . . .      Spirit   +    i - +1 crystal plate armour
rPois   .          Reflect  +    B - +3 hat of Pondering {ponderous, Will+ MP+10 Int+5}
rElec   .          Rampage  .    z - +2 cloak {Will+}
rCorr   .                        x - +0 pair of gloves "Lashoruk" {rC+ Int+5}
Will    +++..                    (no boots) Stlth
                                 D - amulet of reflection
HPRegen 1.12/turn                E - +5 ring of evasion
MPRegen 0.19/turn                m - +5 ring of evasion

@: slow
A: fangs 3, regeneration 1, magic shield, antimagic bite, no potion heal 2
a: Renounce Religion, Potion Petition, Call Merchant, Bribe Branch


You were on level 12 of the Dungeon.
You worshipped Gozag.
Gozag was most pleased with you.
You visited 2 branches of the dungeon, and saw 13 of its levels.
You also visited: Bailey.

You collected 2610 gold pieces.
You spent 1218 gold pieces at shops.
You paid 60 gold pieces to Gozag.

Inventory:

Hand Weapons
 t - the +6 war axe of Gontoezo (weapon) {speed, Int+6}
   (You acquired it on level 4 of the Dungeon)

   Int:       It affects your intelligence (+6).
 w - a +0 broad axe of flaming
Missiles
 a - 8 javelins (quivered)
 j - 2 throwing nets
Armour
 c - a +0 buckler (worn)
 i - a +1 crystal plate armour (worn)
 x - the +0 pair of gloves "Lashoruk" (worn) {rC+ Int+5}
   (You bought it in a shop on level 7 of the Dungeon)

   Int:       It affects your intelligence (+5).
   rC:        It protects you from cold.
 z - a +2 cloak of willpower (worn)
 B - the +3 hat of Pondering (worn) {ponderous, Will+ MP+10 Int+5}
   (You took it off Gastronok on level 9 of the Dungeon)

   Int:       It affects your intelligence (+5).
   MP:        It affects your magic capacity (+10).
   Will:      It increases your willpower.
 H - a +1 chain mail of poison resistance
 J - the +4 chain mail of the Spider Nest {*Corrode rElec rC+ rN+}
   (You found it on level 12 of the Dungeon)

   rC:        It protects you from cold.
   rElec:     It insulates you from electricity.
   rN:        It protects you from negative energy.
   *Corrode:  It may corrode you when you take damage.
Jewellery
 m - a +5 ring of evasion (right hand)
 y - a ring of flight
 D - an amulet of reflection (around neck)
 E - a +5 ring of evasion (left hand)
Wands
 f - a wand of roots (19)
 g - a wand of charming (10)
 r - a wand of flame (22)
 F - a wand of polymorph (6)
 I - a wand of mindburst (6)
Scrolls
 e - a scroll of magic mapping
 k - 3 scrolls of fear
 q - a scroll of fog
 u - a scroll of blinking
 A - 6 scrolls of identify
 C - 5 scrolls of teleportation
Potions
 b - 2 potions of haste
 d - a potion of might
 h - 5 potions of invisibility
 l - a potion of ambrosia
 n - 3 potions of lignification
 o - 2 potions of brilliance
 p - a potion of resistance
 s - 4 potions of attraction
 v - 4 potions of curing
 G - a potion of mutation


   Skills:
 + Level 10.3 Fighting
 * Level 13.9 Axes
 - Level 7.3 Armour
 + Level 1.0 Dodging
 - Level 10.2 Shields


You had 13 spell levels left.
You didn't know any spells.
Your spell library contained the following spells:

 Spells                   Type           Power      Damage    Failure   Level
 Apportation              Tloc           0%         N/A       100%        1
 Kiss of Death            Conj/Necr      0%         2d5       100%        1
 Lesser Beckoning         Tloc           0%         N/A       100%        2
 Confusing Touch          Hex            0%         N/A       100%        3
 Gell's Gravitas          Tloc           0%         N/A       100%        3
 Ignite Poison            Fire/Tmut/Pois 0%         N/A       100%        3
 Kindle Blastsparks       Fire/Tloc/Air  0%         2d10      100%        3
 Teleport Other           Tloc           0%         N/A       100%        3
 Dispel Undead            Necr           0%         3d6       100%        4
 Sticky Flame             Conj/Fire      0%         2d3       100%        4
 Conjure Ball Lightning   Conj/Air       0%         3x3d6     100%        6
 Dispersal                Tloc           0%         N/A       100%        6
 Haunt                    Necr/Summ      0%         N/A       100%        7
 Discord                  Hex            0%         N/A       100%        8
 Disjunction              Tloc           0%         N/A       100%        8
 Ignition                 Fire           0%         3d3       100%        8
 Infestation              Necr           0%         N/A       100%        8
 Fire Storm               Conj/Fire      0%         5d1       100%        9
 Animate Dead             Necr           Unusable   N/A       N/A         4

Dungeon Overview and Level Annotations

Branches:
Dungeon (12/15)            Temple (1/1) D:4            Lair (0/5) D:11
    Orc (0/2) D:11         Bailey (visited)

Altars:
Ashenzari
Dithmenos
Fedhas
Gozag
Kikubaaqudgha
Makhleb
Sif Muna
Uskayaw
Vehumet
Xom

Shops:
D:3 [   D:7 [   D:9 =

Annotations:
D:6 exclusion: oklob plant
D:7 Joseph


Innate Abilities, Weirdness & Mutations

You have razor-sharp teeth.
Your natural rate of healing is unusually fast.
When hurt, damage is shared between your health and your magic reserves.
Your bite disrupts and absorbs the magic of your enemies.
Potions cannot restore your health.


Message History

The slime creature is moderately wounded.
The slime creature closely misses you.
You hit the slime creature. You bite the slime creature! You drain its power.
The slime creature is heavily wounded.
You slash the slime creature! You block the slime creature's attack.
Two slime creatures merge to form a large slime creature.
You slice the slime creature!! You bite the slime creature!
You drain its power.
The slime creature is almost dead.
You slice the large slime creature!!
The slime creature attacks as you move away!
The slime creature closely misses you.
The slime creature attacks as you move away!
You block the slime creature's attack.
A large slime creature splits.
The slime creature hits you.
Two slime creatures merge to form a large slime creature.
Two slime creatures merge to form a large slime creature.
Things that are here:
a +0 rapier; a +0 ring mail Two slime creatures merge to form a very large slime creature.
Two slime creatures merge to form a very large slime creature.
The very large slime creature attacks as you move away!
The very large slime creature hits you!!
The very large slime creature attacks as you move away!
The very large slime creature completely misses you.
The very large slime creature attacks as you move away!
The very large slime creature hits you but does no damage.
The very large slime creature attacks as you move away!
You block the very large slime creature's attack.
The very large slime creature attacks as you move away!
The very large slime creature hits you!!!
The very large slime creature attacks as you move away!
The very large slime creature hits you!!
* * * LOW HITPOINT WARNING * * *
The very large slime creature attacks as you move away!
The very large slime creature hits you but does no damage.
The very large slime creature hits you!!!
Ouch! That really hurt!
You die...
Your body crumbles into a pile of gold.

#..#.##########.##.#
#..#............##.#
#..#.#############.#
...#.# #.# .....#
#J# #.##.## #.#
#.#...## #.#
#..###.# #########.#
...# #.# #......@J.#
#..###(# #.#########
#.#...## #.# #.#####
#.# ..########.#
.......<...#
############


You could see a very large slime creature.

Vanquished Creatures
  Gastronok (D:9)
  An orc warlord (Bailey)
  Josephine (D:10)
  Erolcha (D:9)
  A boulder beetle (D:11)
  3 two-headed ogres
  A deep elf pyromancer (D:12)
  Pikel (D:9)
  Maurice (D:8)
  Maggie (D:6)
  2 trolls
  Prince Ribbit (D:8)
  A hornet (D:7)
  Grinder (D:6)
  Sigmund (D:6)
  A shadow (D:11)
  Grum (D:8)
  3 wraiths (D:10)
  15 yaks
  A human (D:11)
  6 vampire mosquitoes (D:12)
  2 wargs (D:11)
  2 water moccasins (D:9)
  6 orc warriors
  Duvessa (D:5)
  A sky beast (D:6)
  5 boggarts (D:12)
  3 wolves (D:8)
  3 centaurs
  A phantom (D:5)
  3 lemures (D:9)
  5 kobold brigands
  A necrophage (D:5)
  A gnoll sergeant (D:7)
  4 bullfrogs
  15 wights
  Dowan (D:5)
  20 killer bees
  4 howler monkeys
  An electric eel (D:7)
  6 orc priests
  8 jellies
  4 hounds
  4 iguanas
  5 orc wizards
  A hound skeleton (D:5)
  11 gnolls
  5 adders
  A shadow imp (D:8)
  3 worms
  2 dart slugs
  35 orcs
  3 bats
  13 endoplasms
  3 giant cockroaches
  18 goblins
  9 hobgoblins
  5 jackals
  41 kobolds
  3 quokkas
  8 ball pythons
  3 frilled lizards
  4 rats
319 creatures vanquished.

Vanquished Creatures (others)
  9 fungi (D:6)
9 creatures vanquished.

Grand Total: 328 creatures vanquished

Notes
Turn   | Place    | Note
-------+----------+-------------------------------------------
     0 | D:1      | mistaj the Vine Stalker Fighter began the quest for the
                  | Orb.
     0 | D:1      | Reached XP level 1. HP: 11/11 MP: 2/2
   249 | D:1      | Reached skill level 2 in Axes
   249 | D:1      | Reached XP level 2. HP: 16/16 MP: 3/3
   784 | D:2      | Reached XP level 3. HP: 20/20 MP: 4/4
   958 | D:2      | Gained mutation: Your natural rate of healing is unusually
                  | fast. [Vine Stalker growth]
   958 | D:2      | Reached XP level 4. HP: 13/24 MP: 2/5
  1255 | D:2      | Reached skill level 3 in Axes
  1630 | D:3      | Found a shimmering altar of Xom.
  1689 | D:3      | Found Qunat's Armour Shop.
  1808 | D:3      | Reached XP level 5. HP: 28/28 MP: 6/6
  2732 | D:4      | Found a staircase to the Ecumenical Temple.
  2755 | Temple   | Entered the Ecumenical Temple
  2763 | Temple   | Became a worshipper of Gozag Ym Sagoz the Greedy
  2819 | D:4      | Got the Catalogue of Shifting Kindling
  2952 | D:4      | Found a hide-covered altar of Uskayaw.
  3045 | D:5      | Entered Level 5 of the Dungeon
  3048 | D:5      | Reached skill level 4 in Axes
  3048 | D:5      | Reached XP level 6. HP: 9/33 MP: 1/7
  3335 | D:5      | Found a shadowy altar of Dithmenos.
  3360 | D:5      | Noticed Duvessa
  3365 | D:5      | Noticed Dowan
  3373 | D:5      | Killed Duvessa
  3383 | D:5      | Killed Dowan
  3384 | D:5      | Reached XP level 7. HP: 35/37 MP: 8/8
  3521 | D:5      | Found a broken altar of Ashenzari.
  3525 | D:5      | You fall into a shaft and drop 1 floor!
  3553 | D:6      | Reached skill level 5 in Axes
  3767 | D:5      | Identified the +4 hand axe of Kesalod {heavy, Stlth+}
  3792 | D:5      | Found a burning altar of Makhleb.
  3985 | D:5      | Noticed a two-headed ogre
  4094 | D:4      | Identified 2 scrolls of acquirement
  4094 | D:4      | Acquired a +1 crystal plate armour
  4106 | D:4      | Acquired the +6 war axe of Gontoezo {speed, Int+6}
  4286 | D:5      | Found an ancient bone altar of Kikubaaqudgha.
  4717 | D:6      | Gained mutation: You have razor-sharp teeth. [Vine Stalker
                  | growth]
  4717 | D:6      | Reached XP level 8. HP: 42/42 MP: 9/9
  4725 | D:6      | Noticed Grinder
  4736 | D:6      | Reached skill level 6 in Axes
  4741 | D:6      | Killed Grinder
  4742 | D:6      | Reached skill level 5 in Fighting
  4742 | D:6      | Reached skill level 5 in Shields
  4840 | D:6      | Noticed Maggie
  4858 | D:6      | Killed Maggie
  4859 | D:6      | Reached skill level 7 in Axes
  5014 | D:6      | Noticed Sigmund
  5021 | D:6      | Killed Sigmund
  5022 | D:6      | Reached XP level 9. HP: 48/48 MP: 10/10
  5147 | D:6      | Found a shimmering blue altar of Sif Muna.
  5190 | D:6      | Noticed an oklob plant
  5342 | D:7      | Found Owichus's Antique Armour Shoppe.
  5344 | D:7      | Noticed a hornet
  5351 | D:7      | Killed a hornet
  5352 | D:7      | Reached skill level 8 in Axes
  5920 | D:7      | Bought a pair of jewelled gloves for 294 gold pieces
  5920 | D:7      | Identified the +0 pair of gloves "Lashoruk" {rC+ Int+5}
                  | (You bought it in a shop on level 7 of the Dungeon)
  6203 | D:7      | Noticed Joseph
  6374 | D:7      | Found a radiant altar of Vehumet.
  6451 | D:8      | Noticed a two-headed ogre
  6466 | D:7      | Killed a two-headed ogre
  6467 | D:7      | Reached skill level 9 in Axes
  6467 | D:7      | Reached XP level 10. HP: 55/55 MP: 11/11
  6606 | D:8      | Noticed Grum
  6620 | D:8      | Killed Grum
  7022 | D:8      | Reached skill level 10 in Axes
  7389 | D:8      | Noticed Prince Ribbit
  7396 | D:8      | Killed Prince Ribbit
  7691 | D:5      | Killed a two-headed ogre
  7743 | D:9      | Noticed Erolcha
  7743 | D:9      | Noticed Maurice
  7751 | D:8      | Killed Maurice
  7814 | D:8      | Reached XP level 11. HP: 41/60 MP: 12/12
  7861 | D:8      | Reached skill level 11 in Axes
  7977 | D:9      | Killed Erolcha
  7986 | D:9      | Identified the +1 morningstar "Yzaxap" {antimagic, rC+
                  | Will- Int+5 Dex-5}
  8151 | D:9      | Noticed Pikel
  8158 | D:9      | Noticed Gastronok
  8165 | D:9      | Killed Pikel
  8181 | D:9      | Killed Gastronok
  8315 | D:9      | Noticed a two-headed ogre
  8330 | D:9      | Killed a two-headed ogre
  8379 | D:9      | Found Faurch's Jewellery Shop.
  8385 | D:9      | Bought an amulet of reflection for 420 gold pieces
  8385 | D:9      | Bought a +5 ring of evasion for 504 gold pieces
  8864 | D:10     | Entered Level 10 of the Dungeon
  8894 | D:10     | Reached skill level 12 in Axes
  8928 | D:10     | Noticed Josephine
  8949 | D:10     | Killed Josephine
  8967 | D:10     | Found a flagged portal.
  8990 | Bailey   | Entered a bailey
  8997 | Bailey   | Noticed an orc warlord
  9157 | Bailey   | Found a runed translucent gate.
  9159 | Bailey   | Found a runed translucent gate.
  9165 | Bailey   | Found a runed translucent gate.
  9369 | Bailey   | Killed an orc warlord
  9370 | Bailey   | Reached XP level 12. HP: 30/66 MP: 13/13
  9464 | D:10     | Reached skill level 10 in Fighting
  9464 | D:10     | Reached skill level 13 in Axes
  9464 | D:10     | Reached skill level 10 in Shields
  9464 | D:10     | Reached XP level 13. HP: 72/72 MP: 14/14
  9465 | D:10     | Reached XP level 14. HP: 77/77 MP: 15/15
 10435 | D:11     | Found a staircase to the Orcish Mines.
 10464 | D:11     | Found a staircase to the Lair.
 11220 | D:12     | Identified the +4 chain mail of the Spider Nest {*Corrode
                  | rElec rC+ rN+}
 11329 | D:12     | Reached skill level 1 in Dodging
 11408 | D:12     | Demolished by a very large slime creature

Illustrated notes

Levels and vault maps discovered:
D:1:      matt_arrival_diagonals, layout_basic, chequers_serial_rivers_marsh
D:2:      layout_loops_ring, st_stairs_10
D:3:      layout_loops_ring, mainiacjoe_overflow_brackets, serial_shops,
          nicolae_shop_temple_entry_statues_fountains
D:4:      layout_loops_ring, mainiacjoe_overflow_alcove_4,
          minmay_temple_entry_glassed_door
D:5:      layout_loops_ring, lemuel_doored_altar, makhleb_blood_cavern_becter,
          nicolae_dithmenos_through_a_glass_darkly,
          lemuel_coloured_pillars_altar, uniq_duvessa
D:6:      lemuel_slime, layout_basic, led_sif_pool,
          chequers_serial_rivers_room_b, uniq_sigmund, uniq_maggie, uniq_grinder
D:7:      layout_cave_pools, kennysheep_mini, serial_shops, shop, minivault_14,
          uniq_joseph
D:8:      layout_loops_corners, uniq_grum, uniq_prince_ribbit1
D:9:      layout_loops_ring, serial_shops, shop, kennysheep_small_square,
          uniq_erolcha, uniq_pikel, uniq_maurice, uniq_gastronok
D:10:     layout_irregular_city, enter_bailey_5, uniq_josephine
D:11:     layout_stronghold, lair_entry_dummy, erik_orc_4
D:12:     layout_loops_ring
Temple:   dpeg_chambers_temple

Skill      XL: |  1  2  3  4  5  6  7  8  9 10 11 12 13 14 |
---------------+-------------------------------------------+-----
Axes           | 2 3 4 5 7 9 10 12 13 | 13.9
Shields        | 3 4 5 7 8 9 10 | 10.2
Fighting       | 3 4 5 7 8 9 10 | 10.3
Armour         | 7 |  7.3
Dodging        | 1 |  1.0

Action                     |  1- 3 |  4- 6 |  7- 9 | 10-12 | 13-15 || total
---------------------------+-------+-------+-------+-------+-------++-------
  Melee: War axe           |    64 |     9 |   160 |   284 |   200 ||   717
         Bite              |    13 |    40 |    48 |   101 |    67 ||   269
         Whip              |       |   124 |    37 |       |       ||   161
         Hand axe          |       |       |    15 |       |       ||    15
    Use: Scroll            |       |     8 |    10 |     6 |     3 ||    27
         Potion            |       |       |       |     2 |     1 ||     3
   Stab: Distracted        |       |       |     1 |     3 |     3 ||     7
 Armour: Scale mail        |    39 |    14 |       |       |       ||    53
         Plate armour      |       |    14 |       |       |       ||    14
         Ring mail         |       |       |    14 |       |       ||    14
         Crystal plate arm |       |       |    85 |    80 |    34 ||   199
  Dodge: Dodged            |    28 |    65 |    89 |    65 |    59 ||   306
  Block: Buckler           |    12 |    27 |    60 |    74 |    55 ||   228
         Reflection        |       |       |       |     7 |     1 ||     8

Table legend: (Time is in decaauts)
 A = Elapsed time spent in this place.
 B = Non-inter-level travel time spent in this place.
 C = Inter-level travel time spent in this place.
 D = Time resting spent in this place.
 E = Time spent auto-exploring this place.
 F = Levels seen in this place.
 G = Mean time per level.
                   A        B        C        D        E       F      G
               +--------+--------+--------+--------+--------+-----+--------+
         Total |  11479 |  11074 |    405 |   1942 |   6294 |  14 |  819.9 |
       Dungeon |  10975 |  10577 |    398 |   1895 |   6180 |  12 |  914.6 |
        Temple |     16 |      9 |      7 |      0 |      0 |   1 |   16.0 |
        Bailey |    487 |    487 |      0 |     47 |    113 |   1 |  487.0 |
               +--------+--------+--------+--------+--------+-----+--------+

Top non-repeatable levels by time:
     D:8: 1347 daAuts
     D:6: 1321 daAuts
     D:5: 1256 daAuts
    D:11: 1058 daAuts
     D:9: 953 daAuts
     D:4: 902 daAuts
     D:2: 845 daAuts
    D:10: 777 daAuts
     D:3: 762 daAuts
     D:1: 752 daAuts
     D:7: 718 daAuts
  Bailey: 487 daAuts
    D:12: 279 daAuts
  Temple: 16 daAuts
